Map: Ever Dream LE

Players

JonSnow - Winner!

  • Race: Zerg Zerg
  • League: Master
  • Spawn Location: 1:00

Astrea

  • Race: Protoss Protoss
  • Spawn Location: 7:00

Event: DreamHack SC2 Masters 2020 Summer North America

VOD

Have the link to the VOD?

Description

Time

  • Played on: June 30, 2020, 6 p.m.
  • Length: 12:57

All games in this series

Show
View Real Time Build Order
Export as new Build Order

JonSnow Zerg - Winner!

Build Orders: Hatch First 

Get SALT Encoding   

  12  0:00  Drone  
  13  0:13  Overlord  
  13  0:17  Drone  
  14  0:31  Drone  
  15  0:48  Drone  
  15  0:49  Hatchery  
  15  0:51  Drone  
  15  0:56  Drone  
  17  0:59  Drone  
  18  1:11  Extractor  
  18  1:15  Spawning Pool  
  18  1:18  Drone  
  17  1:21  Drone  
  18  1:34  Drone  
  19  1:43  Drone  
  20  1:55  Overlord  
  20  2:01  Queen  
  20  2:02  Zergling x2, Queen  
  20  2:05  Zergling x2  
  26  2:14  Metabolic Boost  
  26  2:20  Drone  
  27  2:33  Hatchery  
  26  2:43  Zergling x6  
  28  2:50  Zergling x4  
  30  2:57  Zergling x4  
  32  3:03  Overlord  
  32  3:12  Zergling x8  
  36  3:30  Zergling x12  
  42  3:37  Zergling x2  
  42  3:43  Zergling x4  
  42  3:47  Zergling x8  
  47  3:54  Zergling x2  
  47  3:55  Zergling x2  
  47  3:59  Zergling x2  
  47  4:00  Zergling x6  
  49  4:08  Zergling x2  
  49  4:12  Zergling x4  
  48  4:18  Zergling x2  
  48  4:22  Zergling x4  
  47  4:37  Drone x4  
  47  4:38  Drone  
  50  4:42  Drone  
  48  4:46  Queen  
  48  4:48  Drone  
  47  4:53  Drone x3  
  50  5:00  Drone  
  50  5:05  Overlord  
  50  5:14  Overlord x2  
  50  5:19  Roach Warren  
  49  5:21  Queen  
  49  5:27  Drone x5  
  55  5:29  Drone  
  55  5:31  Drone  
  55  5:33  Drone  
  55  5:35  Drone  
  59  5:37  Drone  
  59  5:39  Extractor  
  59  5:42  Extractor  
  58  5:43  Overlord  
  58  5:54  Queen  
  58  5:57  Overlord  
  55  6:04  Overlord  
  55  6:05  Drone  
  55  6:06  Drone x2  
  55  6:10  Roach x4  
  66  6:17  Roach x3  
  69  6:20  Roach, Zergling x2  
  71  6:28  Zergling x8  
  71  6:29  Zergling x2  
  71  6:31  Ravager  
  77  6:38  Ravager  
  77  6:39  Zergling x10  
  79  6:48  Ravager  
  79  6:51  Zergling x14  
  85  6:55  Zergling x4  
  87  7:02  Extractor  
  87  7:08  Overlord  
  85  7:10  Ravager  
  85  7:11  Ravager  
  85  7:13  Overlord  
  87  7:16  Zergling x4  
  87  7:20  Overlord  
  89  7:24  Overlord  
  86  7:33  Roach x3, Overlord x2  
  86  7:34  Overlord  
  86  7:35  Ravager x2  
  91  7:44  Drone  
  91  7:45  Drone x6  
  91  7:51  Drone x2  
  91  7:57  Drone x4  
  91  8:04  Drone x3  
  91  8:05  Drone x2  
  94  8:08  Roach  
  94  8:12  Lair  
  91  8:15  Evolution Chamber  
  91  8:17  Roach  
  91  8:19  Zergling x2  
  93  8:24  Overlord  
  93  8:27  Ravager, Extractor  
  93  8:28  Ravager x2  
  93  8:31  Drone x2  
  97  8:34  Drone x2  
  97  8:35  Drone  
  97  8:36  Roach x3  
  97  8:40  Zergling x8  
  110  8:43  Zerg Missile Weapons Level 1  
  110  8:45  Roach  
  112  8:58  Roach x3  
  112  8:59  Hatchery, Roach  
  119  9:11  Glial Reconstitution  
  119  9:15  Overlord  
  119  9:18  Roach x8  
  135  9:24  Extractor, Spire  
  135  9:29  Overlord  
  133  9:37  Roach x8  
  150  9:39  Overlord  
  150  9:42  Overseer  
  150  9:47  Overlord  
  150  9:56  Roach x5  
  162  10:00  Ravager x4  
  162  10:02  Zergling x10  
  169  10:12  Roach x3  
  169  10:13  Roach x2, Zergling x2  
  179  10:18  Zergling x2  
  179  10:19  Zergling x6  
  181  10:25  Ravager x4  
  181  10:26  Zergling x2  
  182  10:42  Roach x6  
  182  10:52  Burrow  
  182  10:53  Zergling x2  
  168  11:07  Roach x11  
  168  11:14  Roach  
  168  11:15  Roach x8  
  173  11:19  Zergling x6  
  173  11:23  Zergling x4  
  172  11:27  Overseer  
  172  11:30  Zergling x10  
  169  11:39  Zergling x2  
  158  11:40  Zergling x6  
  158  11:43  Roach  
  158  11:46  Spire  
  145  11:49  Zergling x8  
  142  11:58  Zergling x8  
  134  12:03  Zergling x10  
  126  12:10  Zergling x4  
  126  12:13  Zergling x4  
  119  12:20  Zergling x4  
  110  12:27  Zergling x6  
  112  12:32  Drone  
  112  12:35  Drone x2  
  115  12:38  Drone  
  115  12:41  Unknown  
Show
View Real Time Build Order
Export as new Build Order

Astrea Protoss 

Build Orders: 1 Gate Expand 

Get SALT Encoding   

  12  0:00  Probe  
  13  0:13  Pylon  
  13  0:14  Probe  
  14  0:22  Probe  
  15  0:32  Probe  
  16  0:40  Gateway  
  16  0:44  Probe  
  17  0:50  Assimilator  
  17  0:56  Probe  
  18  1:08  Probe  
  19  1:20  Probe  
  20  1:26  Nexus  
  20  1:35  Cybernetics Core  
  20  1:38  Probe  
  21  1:44  Assimilator  
  21  1:50  Probe  
  22  1:55  Pylon  
  22  2:02  Probe  
  22  2:03  Adept  
  23  2:11  Probe, Warp Gate  
  26  2:19  Probe  
  26  2:25  Stalker  
  26  2:28  Probe  
  30  2:38  Twilight Council  
  30  2:39  Probe  
  30  2:42  Probe  
  32  2:51  Probe  
  33  2:55  Probe  
  34  2:58  Robotics Facility  
  34  3:03  Probe  
  35  3:07  Probe  
  35  3:11  Gateway  
  36  3:14  Resonating Glaives  
  36  3:16  Adept  
  36  3:17  Probe  
  37  3:22  Probe  
  40  3:29  Probe  
  41  3:38  Gateway  
  41  3:43  Gateway  
  41  3:46  Probe x2  
  41  3:54  Pylon  
  41  3:57  Shield Battery  
  41  3:58  Probe  
  41  3:59  Adept  
  45  4:06  Immortal  
  44  4:15  Gateway  
  48  4:17  Pylon  
  48  4:20  Pylon  
  48  4:22  Gateway  
  48  4:27  Pylon  
  48  4:28  Pylon  
  48  4:29  Pylon  
  39  4:38  Probe  
  33  4:48  Gateway, Immortal  
  33  4:51  Probe  
  36  5:03  Probe  
  37  5:08  Gateway  
  37  5:11  Pylon  
  37  5:16  Probe  
  38  5:22  Warp Prism  
  38  5:30  Probe  
  41  5:37  Nexus  
  41  5:40  Pylon  
  41  5:49  Cybernetics Core  
  41  5:53  Probe  
  42  5:59  Nexus  
  42  6:06  Observer  
  42  6:07  Probe  
  44  6:18  Zealot x2  
  48  6:21  Probe  
  49  6:33  Probe  
  50  6:45  Probe  
  51  6:49  Sentry x2  
  55  6:58  Pylon  
  55  7:06  Immortal  
  55  7:08  Probe  
  55  7:09  Probe  
  61  7:18  Sentry x2  
  61  7:22  Shield Battery  
  65  7:24  Shield Battery  
  65  7:25  Shield Battery  
  65  7:35  Shield Battery  
  65  7:41  Adept x2  
  69  7:44  Shield Battery  
  69  7:47  Shield Battery  
  69  7:55  Probe  
  69  7:56  Probe  
  71  8:07  Probe  
  71  8:08  Probe  
  72  8:16  Probe  
  72  8:19  Sentry  
  75  8:20  Assimilator  
  75  8:21  Probe  
  75  8:22  Assimilator  
  75  8:24  Probe  
  76  8:33  Probe  
  78  8:38  Pylon  
  78  8:43  Blink  
  78  8:52  Pylon  
  78  8:57  Probe x2  
  78  9:02  Nexus  
  80  9:12  Probe x2  
  82  9:17  Robotics Bay  
  82  9:20  Probe  
  82  9:24  Probe  
  82  9:26  Immortal  
  82  9:28  Probe  
  82  9:29  Pylon  
  88  9:36  Probe  
  90  9:38  Probe  
  90  9:43  Pylon  
  91  9:48  Probe  
  91  9:50  Shield Battery, Probe  
  93  9:55  Colossus  
  93  10:00  Probe  
  93  10:03  Probe  
  95  10:12  Probe  
  102  10:14  Adept  
  102  10:15  Probe  
  102  10:18  Probe  
  102  10:20  Stalker x2  
  105  10:41  Disruptor  
  93  10:46  Stalker x2  
  98  10:51  Gateway  
  98  10:53  Gateway  
  98  10:56  Gateway  
  79  11:11  Stalker x2  
  81  11:17  Disruptor  
  73  11:38  Stalker x2  
  65  11:44  Disruptor  
  61  11:55  Stalker x3  
  64  12:04  Stalker x2  
  60  12:29  Nexus  
  57  12:38  Pylon  
Tags
 
Add a new tag
Caveats
  • Supply blocks, unpowered buildings, or Contaminate may cause inaccurate times.
  • Supply counts are checked every 10 seconds.